 Dungeon Crawl Stone Soup version 0.28.0-43-g3370ac3207 (webtiles) character file.

Game seed: 13833085612084941349

453 adizb the Chopper (level 6, -6/85 HPs)
             Began as a Deep Dwarf Berserker on Mar 6, 2022.
             Was a Believer of Trog.
             Mangled by demenzo's ghost (15 damage)
             ... on level 4 of the Dungeon.
             The game lasted 00:14:06 (2982 turns).

adizb the Chopper (Deep Dwarf Berserker)            Turns: 2982, Time: 00:14:06

Health: -6/85      AC: 17    Str: 21    XL:     6   Next: 75%
Magic:  6/6        EV:  9    Int:  7    God:    Trog [**....]
Gold:   103        SH:  0    Dex: 12    Spells: 5/5 levels left

rFire   . . .      SeeInvis .   a - +0 hand axe
rCold   . . .      Faith    .   (no shield)
rNeg    . . .      Spirit   .   k - +4 chain mail
rPois   .          Reflect  .   (no helmet)
rElec   .          Harm     .   j - +0 cloak
rCorr   .          Rampage  .   (no gloves)
Will    ++...                   e - +2 pair of boots
Stlth   ..........              (no amulet)
HPRegen 1.00/turn               (no ring)
MPRegen 0.10/turn               (no ring)

@: berserking (expiring), strong-willed (expiring), regenerating (expiring),
very quick
A: damage resistance, heal wounds, sense surroundings 1, no regeneration, weak 1
a: Heal Wounds, Renounce Religion, Berserk, Trog's Hand


You were on level 4 of the Dungeon.
You worshipped Trog.
Trog was pleased with you.
You visited 1 branch of the dungeon, and saw 4 of its levels.

You collected 103 gold pieces.

Inventory:

Hand Weapons
 a - a +0 hand axe (weapon)
Missiles
 c - 2 throwing nets
Armour
 e - a +2 pair of boots (worn)
 j - a +0 cloak (worn)
 k - a +4 chain mail (worn)
 m - a +0 plate armour
Wands
 p - a wand of flame (23)
Scrolls
 b - a scroll of blinking {unknown}
 d - a scroll of brand weapon {unknown}
 g - 2 scrolls of magic mapping
 i - 2 scrolls of teleportation {unknown}
Potions
 f - a potion of resistance
 h - 3 potions of flight
 l - 2 potions of haste


   Skills:
 + Level 3.8 Fighting
 * Level 5.8 Axes
 + Level 3.8 Armour
 + Level 3.9 Dodging
 + Level 2.1 Evocations


You had 5 spell levels left.
You didn't know any spells.
Your spell library was empty.

Dungeon Overview and Level Annotations

Branches:
Dungeon (4/15)
 Temple: D:4-7

Altars:
Fedhas
Makhleb
Uskayaw
Vehumet
Wu Jian

Annotations:
D:4 demenzo's ghost, novice OgBe


Innate Abilities, Weirdness & Mutations

You are resistant to damage.
You can heal yourself by infusing magical energy.
You passively map a small area around you.
You do not regenerate.
You are weak. (Str -2)


Message History

Demenzo's ghost hits you!
* * * LOW HITPOINT WARNING * * *
You hit demenzo's ghost but do no damage.
Demenzo's ghost is lightly damaged.
You slash demenzo's ghost!
Demenzo's ghost is lightly damaged.
Demenzo's ghost closely misses you.
You barely miss demenzo's ghost.
Demenzo's ghost is lightly damaged.
Demenzo's ghost hits you.
You closely miss demenzo's ghost.
Demenzo's ghost is lightly damaged.
You closely miss demenzo's ghost.
Demenzo's ghost is lightly damaged.
Demenzo's ghost hits you but does no damage.
You hit demenzo's ghost.
Demenzo's ghost is lightly damaged.
Demenzo's ghost hits you but does no damage.
You slash demenzo's ghost!
Demenzo's ghost is moderately damaged.
You hit demenzo's ghost.
Demenzo's ghost is moderately damaged.
Demenzo's ghost closely misses you.
You barely miss demenzo's ghost.
Demenzo's ghost is moderately damaged.
Demenzo's ghost hits you.
You hit demenzo's ghost but do no damage.
Demenzo's ghost is moderately damaged.
You feel the effects of Trog's Hand fading.
Demenzo's ghost hits you.
* * * LOW HITPOINT WARNING * * *
You hit demenzo's ghost but do no damage.
Demenzo's ghost is moderately damaged.
You slash demenzo's ghost!
Demenzo's ghost is heavily damaged.
Demenzo's ghost completely misses you.
You slash demenzo's ghost!
Demenzo's ghost is severely damaged.
Demenzo's ghost hits you!
You die...

......##............ *....
..................#. ** * .###
..................# , *.
...#########..#.#.#, ... *
...#.......#..##..# .... *
...#..#.#..#..<..###....,
...'...#...#.....##.......
...'.....$.#..#W##........
...'...#.$.#..##@...##.... , *
...#..#.#..#.............# ,, ,
...#....$..#.............#.
...#########................ ,,
........................(...** ,
............................#*
.##.....#######..............#*
................####..........###
.................##...#..........


You could see demenzo's ghost.

Vanquished Creatures
  A phantom (D:4)
  3 scorpions (D:4)
  A howler monkey (D:4)
  A hound (D:4)
  3 adders
  An ufetubus (D:4)
  2 worms
  6 dart slugs
  2 orcs (D:4)
  5 ball pythons
  11 bats
  6 endoplasms
  2 giant cockroaches (D:2)
  7 goblins
  8 hobgoblins
  6 jackals
  9 kobolds
  2 quokkas
  4 frilled lizards
  8 rats
88 creatures vanquished.

Vanquished Creatures (others)
  A fungus (D:1)
1 creature vanquished.

Grand Total: 89 creatures vanquished

Notes
Turn   | Place    | Note
-------+----------+-------------------------------------------
     0 | D:1      | adizb the Deep Dwarf Berserker began the quest for the Orb.
     0 | D:1      | Reached XP level 1. HP: 20/20 MP: 1/1
   139 | D:1      | Reached XP level 2. HP: 25/27 MP: 2/2
   314 | D:1      | Reached XP level 3. HP: 26/33 MP: 3/3
   377 | D:1      | Reached ** piety under Trog
   495 | D:1      | Reached skill level 4 in Axes
  1045 | D:2      | Reached XP level 4. HP: 39/42 MP: 4/4
  1658 | D:3      | Found a blossoming altar of Fedhas.
  1683 | D:3      | Found a burning altar of Makhleb.
  1683 | D:3      | Noticed an Executioner
  1822 | D:3      | Found a hide-covered altar of Uskayaw.
  1822 | D:3      | Noticed a +0 falchion
  1822 | D:3      | Noticed a +0 spear
  1822 | D:3      | Noticed a +0 short sword
  1822 | D:3      | Noticed a +0 dagger
  1823 | D:3      | Noticed a +0 short sword
  1825 | D:3      | Noticed a +0 falchion
  1825 | D:3      | Noticed a +0 spear
  1825 | D:3      | Noticed a +0 dagger
  2398 | D:4      | Noticed a scorpion
  2413 | D:4      | Killed a scorpion
  2414 | D:4      | Reached skill level 5 in Axes
  2414 | D:4      | Reached XP level 5. HP: 41/49 MP: 5/5
  2468 | D:4      | Found an ornate altar of the Wu Jian Council.
  2492 | D:4      | Found a radiant altar of Vehumet.
  2778 | D:4      | Noticed a phantom
  2791 | D:4      | Killed a phantom
  2792 | D:4      | Reached skill level 1 in Evocations
  2792 | D:4      | Reached XP level 6. HP: 44/56 MP: 6/6
  2831 | D:4      | Found a runed translucent gate.
  2831 | D:4      | Found a runed translucent gate.
  2831 | D:4      | Found a runed translucent gate.
  2864 | D:4      | Gained mutation: You are weak. (Str -2) [potion of
                  | mutation]
  2895 | D:4      | Noticed demenzo's ghost (novice OgBe)
  2982 | D:4      | Mangled by demenzo's ghost

Illustrated notes

Levels and vault maps discovered:
D:1:      onia_arrival_mini_maze_b, layout_basic, chequers_serial_rivers_marsh
D:2:      layout_basic, kennysheep_generic_room_14
D:3:      layout_basic, nicolae_uskayaw_en_pointe, makhleb_altar_promises_db,
          mainiacjoe_overflow_chevrons, chequers_serial_rivers_small_b
D:4:      layout_layer_cave, pdpol_wu_jian_five_deadly_venoms,
          vehumet_altar_wand_db, gammafunk_ghost_split, minmay_misc_feat_alley,
          minmay_pentangle

Skill      XL: |  1  2  3  4  5  6 |
---------------+-------------------+-----
Fighting       | 3 |  3.8
Axes           | 4 5 |  5.8
Dodging        | 3 |  3.9
Armour         | 3 |  3.8
Evocations     | 1 2 |  2.1

Action                   |  1- 3 |  4- 6 || total
-------------------------+-------+-------++-------
Melee: Hand axe          |   170 |   185 ||   355
       Punch             |     1 |     3 ||     4
Invok: Trog's Hand       |     1 |     5 ||     6
       Berserk           |       |     1 ||     1
  Use: Scroll            |       |     5 ||     5
       Potion            |       |     1 ||     1
Armor: Animal skin       |    17 |       ||    17
       Ring mail         |    59 |    12 ||    71
       Chain mail        |       |    92 ||    92
Dodge: Dodged            |   123 |   100 ||   223
